 Dungeon Crawl Stone Soup version 0.29-a0-384-g6960b1960d (webtiles) character file.

Game seed: 5289521193106662734

2833 pokeman the Thaumaturge (level 9, -3/47 (49) HPs)
             Began as a Deep Elf Hedge Wizard on May 7, 2022.
             Was a Follower of Vehumet.
             Slain by a wight
             ... wielding a +3 halberd of freezing
              (6 damage)
             ... on level 8 of the Dungeon.
             The game lasted 00:21:42 (8956 turns).

pokeman the Thaumaturge (Deep Elf Hedge Wizard)     Turns: 8956, Time: 00:21:44

HP:   -3/47 (49)    AC:  5    Str:  7    XL:     9   Next: 45%
MP:   19/26         EV: 12    Int: 24    God:    Vehumet [*.....]
Gold: 290           SH:  0    Dex: 14    Spells: 20/31 levels left

rFire   . . .      SeeInvis +   N - +0 shortbow
rCold   . . .      Faith    .   (shield currently unavailable)
rNeg    + . .      Spirit   .   E - +1 leather armour {rN+}
rPois   +          Reflect  .   c - +0 hat
rElec   .          Harm     .   (no cloak)
rCorr   .          Rampage  .   (no gloves)
Will    .....                   m - +0 pair of boots
Stlth   ++........              (no amulet)
HPRegen 0.15/turn               s - ring of poison resistance
MPRegen 0.20/turn               v - ring of see invisible

@: lightly drained
A: no striking features
a: Renounce Religion


You were on level 8 of the Dungeon.
You worshipped Vehumet.
Vehumet was aware of your devotion.
You visited 2 branches of the dungeon, and saw 9 of its levels.

You collected 290 gold pieces.

Inventory:

Hand Weapons
 K - the +8 flail "Womib Hasyss" {freeze, Str+7 Int+7}
   (You found it on level 6 of the Dungeon)

   It freezes those it strikes, dealing additional cold damage.
   It can also slow down cold-blooded creatures.
   Str:       It affects your strength (+7).
   Int:       It affects your intelligence (+7).
 N - a +0 shortbow (weapon)
Armour
 c - a +0 hat (worn)
 m - a +0 pair of boots (worn)
 q - a +0 ring mail of cold resistance
 E - a +1 leather armour of positive energy (worn)
 H - a +1 ring mail of poison resistance
Jewellery
 s - a ring of poison resistance (left hand)
 v - a ring of see invisible (right hand)
 A - a ring of positive energy
 L - a ring of flight
Wands
 t - a wand of iceblast (2)
 B - a wand of flame (32)
Scrolls
 a - 4 scrolls of fear {unknown}
 b - a scroll of fog {unknown}
 e - 3 scrolls of identify {unknown}
 f - a scroll of brand weapon {unknown}
 g - a scroll of vulnerability {unknown}
 i - 5 scrolls of teleportation {unknown}
 l - 2 scrolls of amnesia {unknown}
 o - a scroll of summoning
 p - a scroll of enchant weapon {unknown}
 y - a scroll of enchant armour {unknown}
 z - a scroll of blinking {unknown}
 D - a scroll of torment {unknown}
 F - 3 scrolls of immolation {unknown}
 G - a scroll of magic mapping {unknown}
 J - a scroll of poison {unknown}
Potions
 d - a potion of magic
 h - 2 potions of flight {unknown}
 j - a potion of degeneration {unknown}
 k - a potion of berserk rage {unknown}
 n - a potion of might {unknown}
 r - 3 potions of mutation {unknown}
 u - a potion of brilliance {unknown}
 w - a potion of ambrosia {unknown}
 x - 2 potions of haste {unknown}
 C - a potion of resistance {unknown}
 I - 3 potions of curing {unknown}
 M - 2 potions of heal wounds {unknown}
 O - a potion of attraction {unknown}


   Skills:
 + Level 2.9 Fighting
 - Level 3.0 Armour
 - Level 3.0 Dodging
 - Level 3.2 Stealth
 * Level 11.5 Spellcasting
 + Level 6.3 Conjurations
 - Level 1.1 Summonings
 - Level 2.0 Necromancy
 - Level 1.1 Translocations
 + Level 5.3 Fire Magic
 - Level 1.0 Air Magic
 - Level 1.1 Poison Magic
 - Level 1.1 Evocations


You had 20 spell levels left.
You knew the following spells:

 Your Spells              Type           Power      Damage    Failure   Level
a - Magic Dart            Conj           100%       1d8       1%          1
b - Mephitic Cloud        Conj/Pois/Air  27%        N/A       6%          3
c - Call Imp              Summ           19%        N/A       6%          2
d - Blink                 Tloc           38%        N/A       6%          2
e - Conjure Flame         Conj/Fire      41%        6-21      1%          3

Your spell library contained the following spells:

 Spells                   Type           Power      Damage    Failure   Level
 Freeze                   Ice            52%        1d7       7%          1
 Beastly Appendage        Tmut           26%        N/A       7%          1
 Slow                     Hex            52%        N/A       7%          1
 Wereblood                Tmut           13%        N/A       10%         2
 Call Canine Familiar     Summ           19%        N/A       13%         3
 Portal Projectile        Hex/Tloc       32%        N/A       16%         3
 Spider Form              Tmut/Pois      16%        N/A       16%         3
 Ozocubu's Armour         Ice            13%        N/A       21%         3
 Leda's Liquefaction      Hex/Erth       6%         N/A       54%         4
 Ozocubu's Refrigeration  Ice            6%         4d6       100%        7


Dungeon Overview and Level Annotations

Branches:
Dungeon (8/15)             Temple (1/1) D:6
   Lair: D:8-11

Altars:
Dithmenos
Hepliaklqana
Makhleb
Nemelex Xobeh
Trog
Vehumet
Wu Jian
Yredelemnul

Shops:
D:5 *


Message History

You partially resist.
You feel drained. The wight freezes you.
Casting: Magic Dart (safe; 1% risk of failure)
Confirm with . or Enter, or press ? or * to list all spells.
Aiming: Magic Dart (safe; 1% risk of failure)
Press: ? - help, Shift-Dir - straight line, f/p - wight
Aim: a wight, wielding a +3 halberd of freezing and wearing a +0 robe (almost destroyed, 100% to hit)
The magic dart hits the wight but does no damage.
The wight is almost destroyed.
The wight closely misses you.
Casting: Magic Dart (safe; 1% risk of failure)
Confirm with . or Enter, or press ? or * to list all spells.
Aiming: Magic Dart (safe; 1% risk of failure)
Press: ? - help, Shift-Dir - straight line, f/p - wight
Aim: a wight, wielding a +3 halberd of freezing and wearing a +0 robe (almost destroyed, 100% to hit)
The magic dart hits the wight but does no damage.
The wight is almost destroyed.
The wight misses you.
Casting: Magic Dart (safe; 1% risk of failure)
Confirm with . or Enter, or press ? or * to list all spells.
Aiming: Magic Dart (safe; 1% risk of failure)
Press: ? - help, Shift-Dir - straight line, f/p - wight
Aim: a wight, wielding a +3 halberd of freezing and wearing a +0 robe (almost destroyed, 100% to hit)
The magic dart hits the wight but does no damage.
The wight is almost destroyed.
An orc comes into view. It is wielding a +0 flail.
The wight closely misses you.
Casting: Magic Dart (safe; 1% risk of failure)
Confirm with . or Enter, or press ? or * to list all spells.
Aiming: Magic Dart (safe; 1% risk of failure)
Press: ? - help, Shift-Dir - straight line, f/p - wight
Aim: a wight, wielding a +3 halberd of freezing and wearing a +0 robe (almost destroyed, 100% to hit)
The magic dart hits the wight but does no damage.
The wight is almost destroyed.
The orc shouts!
The wight hits you from afar with a +3 halberd of freezing!
* * * LOW HITPOINT WARNING * * *
You partially resist.
You feel drained.
* * * LOW HITPOINT WARNING * * *
The wight freezes you.
You die...

.... ....
..### ..#.. #
#.#.####
#.#.####.#.#.<
....o..#.#.#.#
# #....@####
..##.########
zz ..# .


You could see a wight and an orc.

Vanquished Creatures
  The ghost of ytrimaz the Poker, a novice DsFi of Kikubaaqudgha (D:5)
  A wyvern (D:7)
  Edmund (D:6)
  A water moccasin (D:7)
  An ice beast (D:7)
  A sky beast (D:7)
  An ogre (D:6)
  An orc warrior (D:7)
  3 centaurs
  3 kobold brigands
  2 phantoms (D:5)
  A bullfrog (D:7)
  Blork the orc (D:4)
  3 scorpions
  6 wights
  3 killer bees (D:7)
  2 howler monkeys (D:7)
  2 hounds (D:5)
  An orc priest (D:5)
  2 orc wizards
  6 adders
  3 white imps
  4 ufetubi
  A worm (D:2)
  3 dart slugs
  21 orcs
  5 ball pythons
  4 bats
  6 endoplasms
  3 giant cockroaches
  6 hobgoblins
  8 jackals
  3 quokkas
  A frilled lizard (D:3)
  3 goblins
  13 kobolds
  5 rats
132 creatures vanquished.

Vanquished Creatures (collateral kills)
  A scorpion (D:3)
  A kobold (D:5)
2 creatures vanquished.

Vanquished Creatures (others)
  A fungus (D:5)
  A plant (D:5)
2 creatures vanquished.

Grand Total: 136 creatures vanquished

Notes
Turn   | Place    | Note
-------+----------+-------------------------------------------
     0 | D:1      | pokeman the Deep Elf Hedge Wizard began the quest for the
                  | Orb.
     0 | D:1      | Reached XP level 1. HP: 10/10 MP: 7/7
   311 | D:1      | Reached XP level 2. HP: 15/15 MP: 7/9
  1258 | D:2      | Reached skill level 5 in Spellcasting
  1567 | D:2      | Reached XP level 3. HP: 20/20 MP: 8/11
  1571 | D:2      | Learned a level 3 spell: Mephitic Cloud
  1574 | D:2      | Learned a level 2 spell: Call Imp
  1577 | D:2      | Learned a level 2 spell: Blink
  1581 | D:2      | Learned a level 3 spell: Conjure Flame
  2080 | D:2      | Reached skill level 1 in Fighting
  2080 | D:2      | Reached skill level 1 in Armour
  2171 | D:3      | Found a faded altar of an unknown god.
  2308 | D:3      | Noticed a scorpion
  2311 | D:3      | Reached XP level 4. HP: 25/25 MP: 8/13
  2404 | D:3      | Killed a scorpion
  2405 | D:3      | Reached skill level 6 in Spellcasting
  2405 | D:3      | Reached skill level 1 in Fire Magic
  2779 | D:3      | Found a bloodstained altar of Trog.
  2784 | D:3      | Reached XP level 5. HP: 29/29 MP: 10/15
  3139 | D:3      | Found an ornate altar of the Wu Jian Council.
  3220 | D:3      | Found a hazy altar of Hepliaklqana.
  3312 | D:4      | Reached skill level 1 in Air Magic
  3518 | D:4      | Reached XP level 6. HP: 21/34 MP: 4/17
  3652 | D:4      | Noticed Blork the orc
  3670 | D:4      | Killed Blork the orc
  3671 | D:4      | Reached skill level 1 in Poison Magic
  3905 | D:4      | Reached skill level 7 in Spellcasting
  4010 | D:4      | Reached skill level 1 in Evocations
  4262 | D:5      | Entered Level 5 of the Dungeon
  4292 | D:5      | Reached XP level 7. HP: 32/38 MP: 8/20
  4821 | D:5      | Reached skill level 8 in Spellcasting
  5285 | D:5      | Found Texzic's Assorted Antiques.
  5293 | D:5      | Found a runed translucent gate.
  5294 | D:5      | Found a runed translucent gate.
  5295 | D:5      | Found a runed translucent gate.
  5300 | D:5      | Noticed ytrimaz's ghost (novice DsFi)
  6181 | D:5      | Killed ytrimaz's ghost
  6182 | D:5      | Reached skill level 9 in Spellcasting
  6182 | D:5      | Reached XP level 8. HP: 44/44 MP: 10/23
  6517 | D:6      | Found a staircase to the Ecumenical Temple.
  6526 | Temple   | Entered the Ecumenical Temple
  6558 | Temple   | Became a worshipper of Vehumet
  6596 | D:6      | Identified the +8 flail "Womib Hasyss" {freeze, Str+7
                  | Int+7}
  6938 | D:6      | Noticed Edmund
  6945 | D:6      | Killed Edmund
  6946 | D:6      | Reached skill level 5 in Conjurations
  7060 | D:6      | Found a sparkling altar of Nemelex Xobeh.
  7749 | D:7      | Reached skill level 10 in Spellcasting
  8153 | D:7      | Reached XP level 9. HP: 48/48 MP: 18/25
  8171 | D:7      | Reached * piety under Vehumet
  8171 | D:7      | Offered knowledge of Freeze by Vehumet.
  8335 | D:7      | Reached skill level 11 in Spellcasting
  8530 | D:7      | Reached skill level 5 in Fire Magic
  8956 | D:8      | Slain by a wight

Illustrated notes

Levels and vault maps discovered:
D:1:      mushboom_english_gardens, layout_basic
D:2:      layout_rooms, grunt_decor_resistance
D:3:      wad_pebble_path, layout_basic, trog_butcher_becter,
          nicolae_wu_jian_immortal_techniques, nicolae_hepliaklqana_hazy_memory,
          nicolae_ecumenical_oubliette
D:4:      layout_rooms, uniq_blork_the_orc
D:5:      layout_cave_pools, gammafunk_ghost_nasty_kobolds, serial_shops, shop
D:6:      layout_basic, marbit_many_paths, minmay_temple_entry_junction_2,
          uniq_edmund
D:7:      layout_basic, grunt_ministairs_13
D:8:      layout_basic, lemuel_old_faithful
Temple:   regret_index_temple_generic_petals

Skill      XL: |  1  2  3  4  5  6  7  8  9 |
---------------+----------------------------+-----
Spellcasting   | 5 6 7 9 10 11 | 11.5
Fighting       | 1 2 |  2.9
Armour         | 1 3 |  3.0
Conjurations   | 2 3 4 5 6 |  6.3
Dodging        | 3 |  3.0
Fire Magic     | 1 3 4 5 |  5.3
Air Magic      | 1 |  1.0
Stealth        | 3 |  3.2
Poison Magic   | 1 |  1.1
Evocations     | 1 |  1.1
Necromancy     | 2 |  2.0
Summonings     | |  1.1
Translocations | |  1.1

Action                   |  1- 3 |  4- 6 |  7- 9 || total
-------------------------+-------+-------+-------++-------
Melee: Dagger            |    26 |    34 |    46 ||   106
       Punch             |       |     1 |       ||     1
       Flail             |       |       |     7 ||     7
 Fire: Shortbow          |       |       |   123 ||   123
 Cast: Magic Dart        |   105 |    52 |   142 ||   299
       Mephitic Cloud    |       |     8 |    19 ||    27
       Conjure Flame     |       |     1 |    31 ||    32
       Call Imp          |       |     1 |    15 ||    16
       Blink             |       |       |     4 ||     4
Evoke: Wand              |       |       |     3 ||     3
 Stab: Confused          |       |     2 |     3 ||     5
Armor: Robe              |     5 |     3 |     1 ||     9
       Leather armour    |       |       |    22 ||    22
Dodge: Dodged            |    21 |    23 |    90 ||   134

Table legend: (Time is in decaauts)
 A = Elapsed time spent in this place.
 B = Non-inter-level travel time spent in this place.
 C = Inter-level travel time spent in this place.
 D = Time resting spent in this place.
 E = Time spent auto-exploring this place.
 F = Levels seen in this place.
 G = Mean time per level.
                   A        B        C        D        E       F      G
               +--------+--------+--------+--------+--------+-----+--------+
         Total |   9029 |   8650 |    379 |   1122 |   6005 |   9 | 1003.2 |
       Dungeon |   8970 |   8616 |    354 |   1122 |   5980 |   8 | 1121.2 |
        Temple |     58 |     33 |     25 |      0 |     25 |   1 |   58.0 |
               +--------+--------+--------+--------+--------+-----+--------+

Top non-repeatable levels by time:
     D:4: 1665 daAuts
     D:7: 1470 daAuts
     D:5: 1296 daAuts
     D:2: 1242 daAuts
     D:6: 1183 daAuts
     D:3: 1089 daAuts
     D:1: 961 daAuts
     D:8: 61 daAuts
  Temple: 58 daAuts
